Construct Infanterie Kompanie
Construct Luftwaffe Kompanie
Selects Mechanized Battlegroup
Selects Mobile Repair Stations
Luftwaffe Officer Quarters
Selects Wespe Self-propelled Artillery
Wespe Self-propelled Artillery
Wespe Self-propelled Artillery
Wespe Self-propelled Artillery
Construct Panzer Kompanie
Selects StuG Assault Group
Selects UNKNOWN (2160084)
Wespe Self-propelled Artillery
Wespe Self-propelled Artillery